TOP OF THE 1ST |
Louisiana Dragoons batting - Pitching for Mancelona Torch : LHP Wilson Tamayo
|
Pitching: LHP Wilson Tamayo
|
|
Batting: RHB Colt Allen
|
0-0: Ball 1-0: Ball 2-0: Ball 3-0: Base on Balls
|
Batting: RHB Aubrey Callahan
|
0-0: Ball 1-0: Called Strike Colt Allen steals 2nd base 1-1: Ball 2-1: SINGLE (Groundball, 34D, EV 101.2 MPH) Colt Allen to third Runner from 3rd tries for Home, SAFE, throw by RF to home
|
Batting: RHB Jun-soo Yi
|
0-0: Foul Ball, location: 2F 0-1: Ball 1-1: Called Strike 1-2: Foul Ball, location: 2F 1-2: Ball 2-2: DOUBLE (Line Drive, 7LS, EV 99.4 MPH) Aubrey Callahan to third
|
Batting: SHB Ron Carlisle
|
0-0: Ball 1-0: Ball 2-0: Ball 3-0: Base on Balls
|
Batting: RHB Jesse Garrett
|
0-0: Foul Ball, location: 2F 0-1: Foul Ball, location: 2F 0-2: Strikes out swinging
|
Batting: RHB Adam Cunningham
|
0-0: Ball 1-0: Called Strike 1-1: Ball 2-1: Ball 3-1: Base on Balls Aubrey Callahan scores Jun-soo Yi to third Ron Carlisle to second
|
Batting: RHB Cristóbal Arteaga
|
0-0: Ball 1-0: Grounds into fielders choice 1-2 (Groundball, 13S, EV 70.0 MPH) Ron Carlisle to third Adam Cunningham to second
|
Batting: LHB Rashid Jeltkov
|
0-0: Ball 1-0: Ball 2-0: Called Strike 2-1: Foul Ball, location: 2F 2-2: Ball 3-2: Base on Balls Ron Carlisle scores Adam Cunningham to third Cristóbal Arteaga to second
|
Batting: SHB Jason Pratt
|
0-0: SINGLE (Flyball, 78S, EV 93.1 MPH) Adam Cunningham scores Cristóbal Arteaga to third Rashid Jeltkov to second Runner from 3rd tries for Home, SAFE, throw by LF to home
|
Batting: RHB Colt Allen
|
0-0: Ball 1-0: Foul Ball, location: 2F 1-1: Foul Ball, location: 2F 1-2: Ball 2-2: Ball 3-2: Ground out 1-3 (Groundball, P, EV 91.9 MPH)
|
Top of the 1st over - 5 runs, 3 hits, 0 errors, 2 left on base; Louisiana 5 - Mancelona 0 |
BOTTOM OF THE 1ST |
Mancelona Torch batting - Pitching for Louisiana Dragoons : RHP Gabriel Durango
|
Pitching: RHP Gabriel Durango
|
|
Batting: RHB Thinley Tshering
|
0-0: Swinging Strike 0-1: Ball 1-1: Swinging Strike 1-2: Ball 2-2: Strikes out swinging
|
Batting: LHB Jared Schneider
|
0-0: Called Strike 0-1: Foul Ball, location: 2F 0-2: Strikes out swinging
|
Batting: RHB Cam Lumsden
|
0-0: Ball 1-0: Ball 2-0: Ball 3-0: Fly out, F8 (Line Drive, 8LM, EV 93.1 MPH)
|
Bottom of the 1st over - 0 runs, 0 hits, 0 errors, 0 left on base; Louisiana 5 - Mancelona 0 |
TOP OF THE 2ND |
Louisiana Dragoons batting - Pitching for Mancelona Torch : LHP Wilson Tamayo
|
Batting: RHB Aubrey Callahan
|
0-0: Ball 1-0: Ball 2-0: Foul Ball, location: 2F 2-1: Swinging Strike 2-2: Foul Ball, location: 2F 2-2: Ground out 4-3 (Groundball, 4, EV 106.9 MPH)
|
Batting: RHB Jun-soo Yi
|
0-0: Ball 1-0: Ball 2-0: Ball 3-0: Base on Balls
|
Batting: SHB Ron Carlisle
|
0-0: Ball 1-0: SINGLE (Flyball, 7LM, EV 83.8 MPH) Jun-soo Yi to second
|
Batting: RHB Jesse Garrett
|
0-0: Called Strike 0-1: Foul Ball, location: 2F 0-2: Ball 1-2: Foul Ball, location: 2F 1-2: Fly out, F5 (Popup, 5L, EV 70.0 MPH)
|
Batting: RHB Adam Cunningham
|
0-0: Called Strike 0-1: Foul Ball, location: 2F 0-2: Strikes out swinging
|
Top of the 2nd over - 0 runs, 1 hit, 0 errors, 2 left on base; Louisiana 5 - Mancelona 0 |
BOTTOM OF THE 2ND |
Mancelona Torch batting - Pitching for Louisiana Dragoons : RHP Gabriel Durango
|
Batting: SHB Silvio Capitanio
|
0-0: Called Strike 0-1: Ball 1-1: Foul Ball, location: 2F 1-2: Strikes out swinging
|
Batting: RHB Cristóbal Arroyo
|
0-0: Fly out, F9 (Line Drive, 9, EV 96.2 MPH)
|
Batting: LHB Diego Alejandro Ureña
|
0-0: Fly out, F8 (Flyball, 89M, EV 73.8 MPH)
|
Bottom of the 2nd over - 0 runs, 0 hits, 0 errors, 0 left on base; Louisiana 5 - Mancelona 0 |
TOP OF THE 3RD |
Louisiana Dragoons batting - Pitching for Mancelona Torch : LHP Wilson Tamayo
|
Batting: RHB Cristóbal Arteaga
|
0-0: Ball 1-0: Ball 2-0: Fly out, F8 (Line Drive, 8RM, EV 90.6 MPH)
|
Batting: LHB Rashid Jeltkov
|
0-0: Ball 1-0: DOUBLE (Line Drive, 9LS, EV 96.2 MPH)
|
Batting: SHB Jason Pratt
|
0-0: Ball 1-0: Called Strike 1-1: Ball Wild Pitch! Rashid Jeltkov to third 2-1: Called Strike 2-2: Strikes out swinging
|
Batting: RHB Colt Allen
|
0-0: Called Strike 0-1: Ball 1-1: Called Strike 1-2: Ground out 5-3 (Groundball, 56, EV 103.8 MPH)
|
Top of the 3rd over - 0 runs, 1 hit, 0 errors, 1 left on base; Louisiana 5 - Mancelona 0 |
BOTTOM OF THE 3RD |
Mancelona Torch batting - Pitching for Louisiana Dragoons : RHP Gabriel Durango
|
Batting: RHB Tristan Powell
|
0-0: Ball 1-0: Called Strike 1-1: Swinging Strike 1-2: Ball 2-2: Foul Ball, location: 2F 2-2: Ball 3-2: Strikes out looking
|
Batting: RHB Juan Barrón
|
0-0: Called Strike 0-1: SINGLE (Groundball, 6MD, EV 107.5 MPH)
|
Batting: RHB Izaak Gerkis
|
0-0: Called Strike 0-1: Grounds into double play, 4-6-3 (Groundball, 4, EV 108.8 MPH)
|
Bottom of the 3rd over - 0 runs, 1 hit, 0 errors, 0 left on base; Louisiana 5 - Mancelona 0 |
TOP OF THE 4TH |
Louisiana Dragoons batting - Pitching for Mancelona Torch : LHP Wilson Tamayo
|
Batting: RHB Aubrey Callahan
|
0-0: Ball 1-0: Ball 2-0: Called Strike 2-1: Foul Ball, location: 2F 2-2: Ball 3-2: Foul Ball, location: 2F 3-2: Reached on error, E6 (Groundball, 6, EV 90.6 MPH)
|
Batting: RHB Jun-soo Yi
|
0-0: Called Strike 0-1: Foul Ball, location: 2F 0-2: Ball 1-2: Foul Ball, location: 2F 1-2: Fielders Choice at 2nd, 1-4 (Groundball, 15S, EV 67.5 MPH)
|
Batting: SHB Ron Carlisle
|
0-0: Swinging Strike 0-1: Ball 1-1: Swinging Strike 1-2: Foul Ball, location: 2F 1-2: Foul Ball, location: 2F 1-2: Ball 2-2: Strikes out looking
|
Batting: RHB Jesse Garrett
|
0-0: Ball 1-0: Ball 2-0: Ball 3-0: Called Strike 3-1: Foul Ball, location: 2F 3-2: Fly out, F9 (Flyball, 89M, EV 90.0 MPH)
|
Top of the 4th over - 0 runs, 0 hits, 1 error, 1 left on base; Louisiana 5 - Mancelona 0 |
BOTTOM OF THE 4TH |
Mancelona Torch batting - Pitching for Louisiana Dragoons : RHP Gabriel Durango
|
Batting: RHB Thinley Tshering
|
0-0: Ball 1-0: Ball 2-0: Ball 3-0: Base on Balls
|
Batting: LHB Jared Schneider
|
0-0: Ball 1-0: Ball 2-0: Swinging Strike 2-1: Called Strike 2-2: Strikes out swinging
|
Batting: RHB Cam Lumsden
|
0-0: Fly out, F9 (Flyball, 9LDF, EV 94.4 MPH)
|
Batting: SHB Silvio Capitanio
|
0-0: Called Strike 0-1: Ball Thinley Tshering steals 2nd base 1-1: Swinging Strike 1-2: Strikes out looking
|
Bottom of the 4th over - 0 runs, 0 hits, 0 errors, 1 left on base; Louisiana 5 - Mancelona 0 |
TOP OF THE 5TH |
Louisiana Dragoons batting - Pitching for Mancelona Torch : LHP Wilson Tamayo
|
Batting: RHB Adam Cunningham
|
0-0: Ball 1-0: Foul Ball, location: 2F 1-1: Foul Ball, location: 2F 1-2: Strikes out swinging
|
Batting: RHB Cristóbal Arteaga
|
0-0: SINGLE (Groundball, 56S, EV 71.2 MPH) (infield hit)
|
Batting: LHB Rashid Jeltkov
|
0-0: Ball 1-0: Called Strike 1-1: Grounds into double play, 4-6-3 (Groundball, 4M, EV 101.9 MPH)
|
Top of the 5th over - 0 runs, 1 hit, 0 errors, 0 left on base; Louisiana 5 - Mancelona 0 |
BOTTOM OF THE 5TH |
Mancelona Torch batting - Pitching for Louisiana Dragoons : RHP Gabriel Durango
|
Batting: RHB Cristóbal Arroyo
|
0-0: Called Strike 0-1: Ball 1-1: Ball 2-1: Fly out, F7 (Flyball, 7LS, EV 93.1 MPH)
|
Batting: LHB Diego Alejandro Ureña
|
0-0: Called Strike 0-1: Ball 1-1: Reached on error, E3 (Groundball, 3, EV 110.0 MPH)
|
Batting: RHB Tristan Powell
|
0-0: Ball 1-0: Called Strike 1-1: Called Strike 1-2: Strikes out swinging
|
Batting: RHB Juan Barrón
|
0-0: Swinging Strike 0-1: Fly out, F8 (Line Drive, 8RD, EV 92.5 MPH)
|
Bottom of the 5th over - 0 runs, 0 hits, 1 error, 1 left on base; Louisiana 5 - Mancelona 0 |
TOP OF THE 6TH |
Louisiana Dragoons batting - Pitching for Mancelona Torch : LHP Wilson Tamayo
|
Pitching: LHP Jian-gun Lin
|
|
Batting: SHB Jason Pratt
|
0-0: Ball 1-0: Ball 2-0: Ball 3-0: Base on Balls
|
Batting: RHB Colt Allen
|
0-0: Called Strike 0-1: Ball 1-1: Fly out, F9 (Flyball, 9, EV 89.4 MPH)
|
Batting: RHB Aubrey Callahan
|
0-0: Ball 1-0: Ball 2-0: Foul Ball, location: 2F 2-1: Ball 3-1: Base on Balls Jason Pratt to second
|
Batting: RHB Jun-soo Yi
|
0-0: Called Strike 0-1: Foul Ball, location: 2F 0-2: Fielders Choice at 2nd, 3-6 (Groundball, 34, EV 104.4 MPH) Jason Pratt to third
|
Batting: SHB Ron Carlisle
|
0-0: SINGLE (Flyball, 7S, EV 91.9 MPH) Jason Pratt scores Jun-soo Yi to second
|
Batting: RHB Jesse Garrett
|
0-0: Ball 1-0: Foul Ball, location: 2F 1-1: Called Strike 1-2: Ball 2-2: Foul Ball, location: 2F 2-2: Ball 3-2: Base on Balls Jun-soo Yi to third Ron Carlisle to second
|
Batting: RHB Adam Cunningham
|
0-0: Foul Ball, location: 2F 0-1: Foul Ball, location: 2F 0-2: Ground out 1-3 (Groundball, P, EV 78.1 MPH)
|
Top of the 6th over - 1 run, 1 hit, 0 errors, 3 left on base; Louisiana 6 - Mancelona 0 |
BOTTOM OF THE 6TH |
Mancelona Torch batting - Pitching for Louisiana Dragoons : RHP Gabriel Durango
|
Batting: RHB Izaak Gerkis
|
0-0: Called Strike 0-1: Foul Ball, location: 2F 0-2: Foul Ball, location: 2F 0-2: Strikes out swinging
|
Batting: RHB Thinley Tshering
|
0-0: Ball 1-0: Ball 2-0: Foul Ball, location: 2F 2-1: Ball 3-1: SINGLE (Groundball, 56S, EV 71.9 MPH) (infield hit)
|
Batting: LHB Jared Schneider
|
0-0: Ball Thinley Tshering steals 2nd base 1-0: Ground out 4-3 (Groundball, 4M, EV 81.9 MPH) Thinley Tshering to third
|
Batting: RHB Cam Lumsden
|
0-0: SINGLE (Line Drive, 78S, EV 103.8 MPH) Thinley Tshering scores
|
Batting: SHB Silvio Capitanio
|
0-0: Fly out, F9 (Flyball, 89S, EV 86.2 MPH)
|
Bottom of the 6th over - 1 run, 2 hits, 0 errors, 1 left on base; Louisiana 6 - Mancelona 1 |
TOP OF THE 7TH |
Louisiana Dragoons batting - Pitching for Mancelona Torch : LHP Jian-gun Lin
|
Batting: RHB Cristóbal Arteaga
|
0-0: Called Strike 0-1: Ball 1-1: Ground out 1-3 (Groundball, 23, EV 82.5 MPH)
|
Batting: LHB Rashid Jeltkov
|
0-0: Swinging Strike 0-1: Ball 1-1: Foul Ball, location: 2F 1-2: Foul Ball, location: 2F 1-2: Ball 2-2: Strikes out swinging
|
Batting: SHB Jason Pratt
|
0-0: SOLO HOME RUN (Flyball, 7D, EV 98.8 MPH), Distance : 386 ft
|
Batting: RHB Colt Allen
|
0-0: Called Strike 0-1: Fly out, F9 (Flyball, 9D, EV 80.6 MPH)
|
Top of the 7th over - 1 run, 1 hit, 0 errors, 0 left on base; Louisiana 7 - Mancelona 1 |
BOTTOM OF THE 7TH |
Mancelona Torch batting - Pitching for Louisiana Dragoons : RHP Gabriel Durango
|
Batting: RHB Cristóbal Arroyo
|
0-0: Ground out 5-3 (Groundball, 56S, EV 81.2 MPH)
|
Batting: LHB Diego Alejandro Ureña
|
0-0: Ground out 1-3 (Groundball, P, EV 83.1 MPH)
|
Batting: RHB Tristan Powell
|
0-0: Ground out 2-3 (Groundball, 2L, EV 71.9 MPH)
|
Bottom of the 7th over - 0 runs, 0 hits, 0 errors, 0 left on base; Louisiana 7 - Mancelona 1 |
TOP OF THE 8TH |
Louisiana Dragoons batting - Pitching for Mancelona Torch : LHP Jian-gun Lin
|
Batting: RHB Aubrey Callahan
|
0-0: Ball 1-0: Ball 2-0: Called Strike 2-1: Foul Ball, location: 2F 2-2: Ball 3-2: Base on Balls
|
Pitching: LHP Zedekiah Brenneman
|
|
Batting: RHB Jun-soo Yi
|
0-0: Fly out, F9 (Flyball, 9LS, EV 91.9 MPH)
|
Batting: SHB Ron Carlisle
|
0-0: Ball 1-0: Fly out, F4 (Popup, 13S, EV 87.5 MPH)
|
Batting: RHB Jesse Garrett
|
0-0: Fly out, F7 (Flyball, 7D, EV 103.8 MPH)
|
Top of the 8th over - 0 runs, 0 hits, 0 errors, 1 left on base; Louisiana 7 - Mancelona 1 |
BOTTOM OF THE 8TH |
Mancelona Torch batting - Pitching for Louisiana Dragoons : RHP Gabriel Durango
|
Batting: RHB Juan Barrón
|
0-0: Called Strike 0-1: Foul Ball, location: 2F 0-2: Ball 1-2: Ground out 6-3 (Groundball, 6, EV 86.2 MPH)
|
Batting: RHB Izaak Gerkis
|
0-0: Called Strike 0-1: Ball 1-1: Foul Ball, location: 2F 1-2: Ball 2-2: Strikes out swinging
|
Batting: RHB Thinley Tshering
|
0-0: Called Strike 0-1: Ball 1-1: Called Strike 1-2: Ball 2-2: Ball 3-2: Foul Ball, location: 2F 3-2: Foul Ball, location: 2F 3-2: Ground out 3-1 (Groundball, 3S, EV 85.0 MPH)
|
Bottom of the 8th over - 0 runs, 0 hits, 0 errors, 0 left on base; Louisiana 7 - Mancelona 1 |
TOP OF THE 9TH |
Louisiana Dragoons batting - Pitching for Mancelona Torch : LHP Zedekiah Brenneman
|
Batting: RHB Adam Cunningham
|
0-0: Ball 1-0: Ball 2-0: Ball 3-0: Called Strike 3-1: Base on Balls
|
Batting: RHB Cristóbal Arteaga
|
0-0: Foul Ball, location: 2F 0-1: Swinging Strike 0-2: Fielders Choice at 2nd, 6-4 (Groundball, 6, EV 87.5 MPH)
|
Batting: LHB Rashid Jeltkov
|
0-0: Swinging Strike 0-1: Ball 1-1: Called Strike 1-2: Ball 2-2: Foul Ball, location: 2F 2-2: Ball 3-2: SINGLE (Groundball, 34, EV 98.8 MPH) (infield hit) Cristóbal Arteaga to second
|
Batting: SHB Jason Pratt
|
0-0: Swinging Strike 0-1: Foul Ball, location: 2F 0-2: Foul Ball, location: 2F 0-2: Foul Ball, location: 2F 0-2: Fly out, F7 (Flyball, 78M, EV 85.0 MPH)
|
Batting: RHB Colt Allen
|
0-0: Ball 1-0: Called Strike 1-1: Swinging Strike 1-2: Strikes out looking
|
Top of the 9th over - 0 runs, 1 hit, 0 errors, 2 left on base; Louisiana 7 - Mancelona 1 |
BOTTOM OF THE 9TH |
Mancelona Torch batting - Pitching for Louisiana Dragoons : RHP Gabriel Durango
|
Pitching: RHP Dave Reynolds
|
|
Batting: LHB Jared Schneider
|
0-0: Ball 1-0: Foul Ball, location: 2F 1-1: Ball 2-1: TRIPLE (Line Drive, 89XD, EV 101.9 MPH)
|
Batting: RHB Cam Lumsden
|
0-0: Called Strike 0-1: Ball 1-1: Ball 2-1: Ball 3-1: Base on Balls
|
Batting: SHB Silvio Capitanio
|
0-0: Called Strike 0-1: Ball 1-1: Ball 2-1: Ball 3-1: Base on Balls Cam Lumsden to second
|
Batting: RHB Cristóbal Arroyo
|
0-0: Ball 1-0: Swinging Strike 1-1: Ball 2-1: Fly out, F7 (Flyball, 7D, EV 100.0 MPH) Runner from 3rd tags up, SCORES, no throw by LF
|
Batting: LHB Diego Alejandro Ureña
|
0-0: Called Strike 0-1: Swinging Strike 0-2: Fly out, F8 (Flyball, 8RD, EV 104.4 MPH)
|
Batting: RHB Tristan Powell
|
0-0: Ball 1-0: Fly out, F6 (Popup, 6, EV 70.6 MPH)
|
Bottom of the 9th over - 1 run, 1 hit, 0 errors, 2 left on base; Louisiana 7 - Mancelona 2 |
|